 Dungeon Crawl Stone Soup version 0.21-a0-513-gdcb3f5e (webtiles) character file.

592 Gerstahl the Slasher (level 7, -1/68 HPs)
             Began as a Naga Gladiator on Dec 1, 2017.
             Slain by a hippogriff (3 damage)
             ... on level 4 of the Dungeon.
             The game lasted 00:07:28 (3884 turns).

Gerstahl the Slasher (Naga Gladiator)               Turns: 3884, Time: 00:07:29

Health: -1/68      AC:  5    Str: 16    XL:     7   Next: 39%
Magic:  7/7        EV: 10    Int: 13    God:
Gold:   145        SH:  0    Dex: 15    Spells: 6/6 levels left

rFire    . . .     SeeInvis +   a - +0 long sword
rCold    . . .     Gourm    .   (no shield)
rNeg     . . .     Faith    .   b - +0 leather armour
rPois    +         Spirit   .   c - +0 helmet
rElec    .         Reflect  .   (no cloak)
rCorr    .         Harm     .   e - +0 pair of gloves
MR       .....                  (no barding)
Stlth    +.........             (no amulet)
HPRegen  0.21/turn              (no ring)
MPRegen  0.10/turn              (no ring)

@: brilliant, short of breath, very slow
A: large, see invisible, deformed body, poison resistance, slowness 2, slow
metabolism 1, spit poison 1, AC +2
a: Spit Poison


You were on level 4 of the Dungeon.
You were not hungry.

You visited 1 branch of the dungeon, and saw 4 of its levels.

You collected 145 gold pieces.

Inventory:

Hand Weapons
 a - a +0 long sword (weapon)
Missiles
 d - 2 throwing nets (quivered)
Armour
 b - a +0 leather armour (worn)
 c - a +0 helmet (worn)
 e - a +0 pair of gloves (worn)
Jewellery
 u - a +3 ring of strength {unknown}
 v - an uncursed ring of protection from fire {unknown}
 y - an uncursed ring of protection from cold {unknown}
Wands
 s - a wand of scattershot (7)
Scrolls
 h - a scroll of enchant armour {unknown}
 l - 2 scrolls of teleportation {unknown}
 m - 4 scrolls of remove curse {unknown}
 o - a scroll of blinking {unknown}
 p - 2 scrolls of enchant weapon {unknown}
 q - a scroll of identify {unknown}
 w - a scroll of magic mapping {unknown}
Potions
 g - 2 potions of curing {unknown}
 k - 2 potions of brilliance
 n - a potion of might {unknown}
 r - a potion of invisibility {unknown}
 t - a potion of flight {unknown}
 z - a potion of agility {unknown}
Comestibles
 f - 2 bread rations
 i - 6 fruits
 j - 3 meat rations
 x - 7 chunks of flesh


   Skills:
 + Level 5.7 Fighting
 + Level 6.2 Long Blades
 - Level 1.7 Throwing
 - Level 2.4 Dodging


You had 6 spell levels left.
You didn't know any spells.

Dungeon Overview and Level Annotations

Branches:
Dungeon (4/15)
 Temple: D:4-7

Altars:
Gozag
Ru
Wu Jian


Innate Abilities, Weirdness & Mutations

You cannot wear boots.
Your serpentine skin is tough. (AC +2)
You have supernaturally acute eyesight. (SInv)
Armour fits poorly on your strangely shaped body.
Your system is resistant to poisons. (rPois)
You cover ground very slowly.
You have a slow metabolism.
You can spit poison.


Message History

* * * LOW HITPOINT WARNING * * *
The hippogriff pecks you.
* * * LOW HITPOINT WARNING * * *
The hippogriff barely misses you.
An orc wizard comes into view. It is wielding a dagger.
Press: ? - help, Shift-Dir - straight line, f/p - hippogriff
Aim: a hippogriff (heavily wounded, poisoned)
The splash of poison hits the hippogriff.
The hippogriff looks even sicker.
The hippogriff is severely wounded.
You feel slightly more hungry.
The orc wizard moves out of view.
The hippogriff bites you!
* * * LOW HITPOINT WARNING * * *
The hippogriff closely misses you. x2
It was a potion of brilliance.
You feel clever all of a sudden. The hippogriff closely misses you.
The hippogriff pecks you.
* * * LOW HITPOINT WARNING * * *
The hippogriff claws you.
You die...

......................
.>....................
..............##.###..
[................# #..
#...###.##....##.# #.. .
....###.##....##.# #..
.(......................
.....####.##....##.#.#..
.......@H............#..
.....#.##.##...###.#
................$.. .
..............(..
....##...........#..
..## #####.##.o..# . .
#.# ....# .. ..o.# .# ..


You could see a hippogriff and an orc wizard (wandering).

Vanquished Creatures
  Sigmund (D:3)
  An ogre (D:4)
  A crimson imp (D:3)
  2 orc priests (D:3)
  An orc wizard (D:3)
  An iguana (D:3)
  A worker ant (D:4)
  4 adders
  2 oozes
  4 worms
  4 dart slugs
  3 leopard geckos
  13 orcs
  18 giant cockroaches
  8 goblins
  10 hobgoblins
  3 jackals (D:2)
  7 kobolds
  A quokka (D:3)
  2 ball pythons (D:3)
  9 bats
  3 frilled lizards (D:1)
  8 rats
107 creatures vanquished.

Notes
Turn   | Place    | Note
-------+----------+-------------------------------------------
     0 | D:1      | Gerstahl the Naga Gladiator began the quest for the Orb.
     0 | D:1      | Reached XP level 1. HP: 19/19 MP: 1/1
    97 | D:1      | Reached XP level 2. HP: 25/27 MP: 2/2
   345 | D:1      | Reached XP level 3. HP: 29/33 MP: 3/3
   478 | D:2      | Found a sacrificial altar of Ru.
  1233 | D:2      | Reached skill level 4 in Long Blades
  1233 | D:2      | Reached XP level 4. HP: 40/42 MP: 4/4
  1425 | D:2      | Found an opulent altar of Gozag.
  2218 | D:3      | Reached XP level 5. HP: 50/50 MP: 5/5
  2220 | D:3      | Found an ornate altar of the Wu Jian Council.
  2927 | D:3      | Reached skill level 5 in Long Blades
  2927 | D:3      | Reached XP level 6. HP: 40/58 MP: 6/6
  2970 | D:3      | Noticed Sigmund
  2987 | D:3      | Killed Sigmund
  2987 | D:3      | Reached skill level 5 in Fighting
  3208 | D:3      | Reached XP level 7. HP: 64/67 MP: 7/7
  3642 | D:4      | Reached skill level 6 in Long Blades
  3871 | D:4      | Noticed a hippogriff
  3884 | D:4      | HP: 2/68 [hippogriff (2)]
  3884 | D:4      | Slain by a hippogriff

Vault maps used:
D:1:      elethiomel_arrival_shortcut
D:2:      minmay_roachtagon, nicolae_gozag_cash_rules_everything_around_me,
          nicolae_ru_awakened_eye
D:3:      lemuel_coloured_pillars_altar, minmay_cupped, uniq_sigmund
D:4:      kennysheep_nondescript, minmay_misc_feat_rows

Skill      XL: |  1  2  3  4  5  6  7 |
---------------+----------------------+-----
Fighting       | 3 4 5 |  5.7
Long Blades    | 4 5 6 |  6.2
Throwing       | |  1.7
Dodging        | |  2.4

Action                   |  1- 3 |  4- 6 |  7- 9 || total
-------------------------+-------+-------+-------++-------
Melee: Long sword        |    99 |   165 |    38 ||   302
Throw: Throwing net      |       |     2 |     2 ||     4
 Abil: Spit Poison       |    12 |    12 |    11 ||    35
  Use: Potion            |       |       |     1 ||     1
 Stab: Sleeping          |     1 |     2 |       ||     3
  Eat: Chunk             |     1 |     6 |     3 ||    10
Armor: Leather armour    |    68 |    79 |     9 ||   156
Dodge: Dodged            |    74 |   107 |    23 ||   204
       Rpst.: Long sword |    25 |    37 |    10 ||    72

Table legend:
 A = Spawn XP
 B = Non-spawn XP
 C = Spawn XP percentage of total XP
 D = Spawn monster count
 E = Non-spawn monster count
 F = Spawn count percentage of total count
 G = Total turns spent on level
                    A         B        C        D         E        F      G
               +---------+---------+-------+---------+---------+-------+---------
         Total |       0 |     847 |   0.0 |       0 |     107 |   0.0 |  3884
               +---------+---------+-------+---------+---------+-------+---------
           D:1 |       0 |      38 |   0.0 |       0 |      23 |   0.0 |   471
           D:2 |       0 |     123 |   0.0 |       0 |      40 |   0.0 |  1731
           D:3 |       0 |     513 |   0.0 |       0 |      37 |   0.0 |  1434
           D:4 |       0 |     173 |   0.0 |       0 |       7 |   0.0 |   248
               +---------+---------+-------+---------+---------+-------+---------
